 Dungeon Sprint DCSS version 0.29-a0-222-g5b244fca1f (webtiles) character file.

Game seed: 10001088346673907507

263 mhtbhm the Fighter (level 6, 0/67 HPs)
             Began as a Gargoyle Berserker on Feb 27, 2022.
             Was an Elder of Trog.
             Slain by a human
             ... wielding a +0 club
              (13 damage)
             ... in the Dungeon (Sprint III: "The Ten Rune Challenge").
             The game lasted 00:00:52 (893 turns).

mhtbhm the Fighter (Gargoyle Berserker)              Turns: 893, Time: 00:00:53

Health: 0/67       AC:  6    Str: 22    XL:     6   Next: 19%
Magic:  6/6        EV: 12    Int:  8    God:    Trog [****..]
Gold:   32         SH:  0    Dex:  9    Spells: 5/5 levels left

rFire   . . .      SeeInvis .   a - +0 mace
rCold   . . .      Faith    .   (no shield)
rNeg    + . .      Spirit   .   b - +0 robe
rPois   ∞          Reflect  .   (no helmet)
rElec   +          Harm     .   (no cloak)
rCorr   .          Rampage  .   (no gloves)
Will    .....      NoTele   +   (no boots)
Stlth   ..........              (no amulet)
HPRegen 0.21/turn               (no ring)
MPRegen 0.10/turn               (no ring)

@: berserking (expiring), very quick
A: sickness immunity, AC +4, negative energy resistance 1, electricity
resistance, torment resistance 1, petrification resistance
a: Renounce Religion, Berserk, Trog's Hand, Brothers in Arms


You were in the Dungeon.
You worshipped Trog.
Trog was greatly pleased with you.
You visited 1 branch You collected 32 gold pieces.

Inventory:

Hand Weapons
 a - a +0 mace (weapon)
Armour
 b - a +0 robe (worn)
Scrolls
 h - a scroll of blinking
 i - 2 scrolls of immolation {unknown}
 j - 3 scrolls of identify
Potions
 c - 3 potions of curing
 d - a potion of heal wounds
 e - a potion of haste
 f - 2 potions of magic
 g - a potion of berserk rage
 k - a potion of lignification {unknown}
 l - 2 potions of flight
 m - a potion of might
 n - 4 potions of mutation


   Skills:
 + Level 8.9 Fighting
 + Level 8.4 Maces & Flails
 + Level 4.3 Armour
 + Level 4.2 Dodging
 + Level 1.4 Stealth


You had 5 spell levels left.
You didn't know any spells.
Your spell library was empty.

Dungeon Overview and Level Annotations

Branches:
Dungeon (1/1)

Altars:
Dithmenos
Kikubaaqudgha
Okawaru
Ru
Sif Muna
Trog
Uskayaw
Vehumet
Wu Jian
Yredelemnul
Beogh


Innate Abilities, Weirdness & Mutations

You are immune to sickness and miasma.
Your stone body is resilient. (AC +4)
You are immune to poison.
You resist negative energy. (rN+)
You are resistant to electric shocks. (rElec)
You are resistant to unholy torment.
You are immune to petrification.


Message History

The human drinks a potion.
The human goes berserk!
You barely miss the human.
The human is moderately wounded.
The human hits you.
You closely miss the human.
The human is moderately wounded.
The human hits you but does no damage.
You hit the human but do no damage.
The human is moderately wounded.
The human hits you but does no damage. The human closely misses you.
You miss the human.
The human is moderately wounded.
The human hits you with a +0 club! The human hits you but does no damage.
You hit the human.
The human is moderately wounded.
The human hits you with a +0 club. The human hits you.
You closely miss the human.
The human is moderately wounded.
The human hits you with a +0 club!
You are too injured to fight recklessly!
You are too injured to fight recklessly!
You are too injured to fight recklessly!
You are too injured to fight recklessly!
You are too injured to fight recklessly!
You are too injured to fight recklessly!
You are too injured to fight recklessly!
You are too injured to fight recklessly!
You are too injured to fight recklessly!
You are too injured to fight recklessly!
You are too injured to fight recklessly!
You closely miss the human.
The human is moderately wounded.
The human hits you with a +0 club!
* * * LOW HITPOINT WARNING * * *
The human hits you.
* * * LOW HITPOINT WARNING * * *
You sock the human!
The human is moderately wounded.
The human hits you with a +0 club!
You die...

▓▓▓▓ ▓▓▓ ...♣♣♣ ♣.#
######## .....♣ ♣♣.#
#___#__# ....♣♣ ..# #__
#._#
....≈♣♣♣♣♣.###+#p###)##
...≈≈....♣.#...p@.....#
..≈≈≈≈..♣♣.'.⌠........#
..≈≈≈≈≈≈♣♣.#...######+#
.≈≈≈≈≈≈....#.⌠.#
.≈≈≈≈≈.....#)..#
.≈≈≈.......#'###
...........#)::#
...........#___#
▓▓▓▓▓▓▓▓▓▓▓▓▓▓▓▓


You could see 2 humans.

Vanquished Creatures
  A necrophage (D)
  A water elemental (D)
  A wizard (D)
  Jessica (D)
  A necromancer (D)
  A human (D)
  A kobold demonologist (D)
  A phantom (D)
  2 endoplasms (D)
  A rat (D)
11 creatures vanquished.

Notes
Turn   | Place    | Note
-------+----------+-------------------------------------------
     0 | D        | mhtbhm the Gargoyle Berserker began the quest for the Orb.
     0 | D        | Reached XP level 1. HP: 14/14 MP: 1/1
    13 | D        | Noticed Jessica
    17 | D        | Reached ** piety under Trog
    21 | D        | Killed Jessica
    22 | D        | Reached skill level 5 in Fighting
    22 | D        | Reached XP level 2. HP: 12/21 MP: 2/2
    22 | D        | Reached XP level 3. HP: 16/26 MP: 3/3
   226 | D        | Reached skill level 5 in Maces & Flails
   500 | D        | Noticed a water elemental
   504 | D        | Killed a water elemental
   504 | D        | Reached *** piety under Trog
   505 | D        | Reached XP level 4. HP: 31/34 MP: 4/4
   612 | D        | Found a basalt altar of Yredelemnul.
   612 | D        | Found a shadowy altar of Dithmenos.
   612 | D        | Found a sacrificial altar of Ru.
   612 | D        | Noticed a necrophage
   621 | D        | Killed a necrophage
   622 | D        | Reached skill level 1 in Stealth
   622 | D        | Reached XP level 5. HP: 29/39 MP: 5/5
   831 | D        | Found a radiant altar of Vehumet.
   831 | D        | Found a shimmering blue altar of Sif Muna.
   831 | D        | Found an ancient bone altar of Kikubaaqudgha.
   835 | D        | Reached **** piety under Trog
   836 | D        | Reached XP level 6. HP: 45/45 MP: 6/6
   880 | D        | Found a hide-covered altar of Uskayaw.
   880 | D        | Found an iron altar of Okawaru.
   880 | D        | Found a bloodstained altar of Trog.
   880 | D        | Found an ornate altar of the Wu Jian Council.
   880 | D        | Noticed a human
   881 | D        | Noticed a human
   893 | D        | Slain by a human

Illustrated notes

Levels and vault maps discovered:
D:        dungeon_sprint_mu [sprint_mu_entry_forest, sprint_mu_temple_rooms,
          sprint_mu_d1_spiders, sprint_mu_d2_genie, sprint_mu_d3_branching,
          sprint_mu_orc_legion, sprint_mu_elf_gauntlet, sprint_mu_hive_nellie,
          sprint_mu_lair_fedhas, sprint_mu_vaults_butterflies,
          sprint_mu_slime_circle, sprint_mu_shoals_archi,
          sprint_mu_snake_twists, sprint_mu_blade_basic,
          sprint_mu_crypt_chambers, sprint_mu_tomb_spiral,
          sprint_mu_vestibule_basic, sprint_mu_gehenna_hellfire,
          sprint_mu_dis_giant, sprint_mu_tartarus_statrot,
          sprint_mu_cocytus_islands, sprint_mu_zot1]

Skill      XL: |  1  2  3  4  5 |
---------------+----------------+-----
Fighting       | 5 7 8 |  8.9
Maces & Flails | 4 6 7 8 |  8.4
Armour         | 3 4 |  4.3
Dodging        | 2 3 4 |  4.2
Stealth        | 1 |  1.4

Action                   |  1- 3 |  4- 6 || total
-------------------------+-------+-------++-------
Melee: Mace              |    26 |    35 ||    61
Invok: Berserk           |     3 |     2 ||     5
Armor: Animal skin       |     2 |       ||     2
       Robe              |     1 |     6 ||     7
Dodge: Dodged            |    11 |    11 ||    22

Table legend: (Time is in decaauts)
 A = Elapsed time spent in this place.
 B = Non-inter-level travel time spent in this place.
 C = Inter-level travel time spent in this place.
 D = Time resting spent in this place.
 E = Time spent auto-exploring this place.
 F = Levels seen in this place.
 G = Mean time per level.
                   A        B        C        D        E       F      G
               +--------+--------+--------+--------+--------+-----+--------+
         Total |    940 |    940 |      0 |    709 |     13 |   1 |  940.0 |
       Dungeon |    940 |    940 |      0 |    709 |     13 |   1 |  940.0 |
               +--------+--------+--------+--------+--------+-----+--------+

Top non-repeatable levels by time:
       D: 940 daAuts
